[Event "Late-Titled-Tuesday-Blitz-February-13-2024"]
[Site "Chess.com"]
[Date "2024.02.13"]
[Round "4"]
[White "titomagno_64"]
[Black "HajiyevKanan"]
[Result "1-0"]
[WhiteElo "2216"]
[BlackElo "2483"]
[TimeControl "180+1"]
[EndTime "14:38:29 PST"]
[Termination "titomagno_64 won by checkmate"]

1. d4 d5 2. c4 c6 3. Nf3 Nf6 4.
Nc3 a6 5. g3 Bg4 6. Ne5 e6 7.
Nxg4 Nxg4 8. e4 Nf6 9. e5 Nfd7 10. Bg2 dxc4 11. O-O Nb6 12. h4 Be7 13. Be4 Nd5 14.
Qg4 g6 15. Bh6 Nd7 16. Bg7 Rg8 17. Bh6 Qb6 18. Ne2 O-O-O 19. Rfc1 Qxb2 20. Rab1 Qxa2 21. Qf3 f5 22. exf6 N7xf6 23. Nf4 Nxf4 24. Bxf4 Nd5 25. Be5 Rdf8 26. Qg4 Qxf2+ 27. Kh1 Rf5 28. Bxf5 exf5 29. Qh3 Ne3 30. Qh2 Qf3+ 31. Kg1 Ng4 32. Qg2 Qe3+ 33.
Kh1 g5 34. h5 f4 35. Rxc4 f3 36. Qb2 Nf2+ 37. Kh2 Ng4+ 38. Kh1 b5 39. Rxc6+ Kd8 40. Qa2 Qe4 41. Qxg8+ Kd7 42. Qe6+ Ke8 43. Rc8# 1-0

[Event "Late-Titled-Tuesday-Blitz-February-13-2024"]
[Site "Chess.com"]
[Date "2024.02.13"]
[Round "4"]
[White "NowInChess"]
[Black "Kotlyar_K"]
[Result "0-1"]
[WhiteElo "2323"]
[BlackElo "2516"]
[TimeControl "180+1"]
[EndTime "14:38:30 PST"]
[Termination "Kotlyar_K won on time"]

1. e4 c6 2. d4 d5 3. exd5 cxd5 4. c4 Nf6 5. Nc3 e6 6. c5 b6 7. b4 a5 8. Na4 bxc5 9. bxc5 Nbd7 10. Bf4 Be7 11.
Bb5 O-O 12. c6 Bb4+ 13. Kf1 Ne4 14. cxd7 Bxd7 15. Bxd7 Qxd7 16. Ne2 Qb5 17. Rb1 Qc4 18. Nb6 Qa6 19. Nxa8 Nc3 20. Nc7 Qc4 21. Qc2 Nxb1 22.
Qxb1 Rc8 23. Qc1 Qxa2 24. g3 h6 25. h4 a4 26. Nc3 Qc4+ 27. Kg2 Bxc3 28. Bd2 Rxc7 29.
Bxc3 Qxc3 30. Qxc3 Rxc3 31. Ra1 a3 32. Kf1 Kf8 33. Ke2 Rb3 34. Kd2 Ke7 35. g4 Rb4 36. Rxa3 Rxd4+ 37. Ke3 Rxg4 38. h5 Rh4 39. Ra7+ Kf6 40. Ra8 Rxh5 41. Ra4 Rh3+ 42. f3 g5 43. Ra7 h5 0-1

[Event "Late-Titled-Tuesday-Blitz-February-13-2024"]
[Site "Chess.com"]
[Date "2024.02.13"]
[Round "4"]
[White "Sajkochess"]
[Black "gomeschess02"]
[Result "1-0"]
[WhiteElo "2373"]
[BlackElo "2173"]
[TimeControl "180+1"]
[EndTime "14:38:30 PST"]
[Termination "Sajkochess won on time"]

1. e4 c5 2. Nf3 d6 3. d4 cxd4 4. Nxd4 Nf6 5. Nc3 a6 6. g3 e5 7. Nde2 Be6 8. Bg2 Be7 9. O-O O-O 10. h3 b5 11. g4 b4 12. Nd5 Bxd5 13. exd5 a5 14.
Ng3 Na6 15. Nf5 Nc5 16. g5 Nfd7 17. Qg4 g6 18. Nh6+ Kg7 19. h4 f5 20. gxf6+ Nxf6 21. Qh3 Nh5 22. Ng4 Bxh4 23. Bh6+ Kg8 24. Bxf8 Kxf8 25.
a3 Nf4 26. Qf3 bxa3 27. Rxa3 Qg5 28. Rfa1 e4 29. Qd1 h5 30. Ne3 Qf6 31. Qd2 Qxb2 32. R3a2 1-0

[Event "Late-Titled-Tuesday-Blitz-February-13-2024"]
[Site "Chess.com"]
[Date "2024.02.13"]
[Round "4"]
[White "GianmarcoVaR"]
[Black "Dinamo3"]
[Result "1-0"]
[WhiteElo "2723"]
[BlackElo "2532"]
[TimeControl "180+1"]
[EndTime "14:38:31 PST"]
[Termination "GianmarcoVaR won on time"]

1. e4 c5 2. Nf3 Nc6 3. d4 cxd4 4. Nxd4 g6 5. Nc3 Bg7 6. Be3 Nf6 7. Bc4 O-O 8. Bb3 Re8 9. Qd2 Ng4 10. Nxc6 bxc6 11.
Bf4 Qb6 12. h3 Nf6 13. e5 Nd5 14. Nxd5 cxd5 15. Qxd5 Bb7 16. Qxf7+ Kh8 17. O-O-O Bc6 18.
Be3 Qa5 19. f4 Bxg2 20. Rh2 Bc6 21. h4 Qb4 22. h5 Rf8 23. Qc4 Qxc4 24. Bxc4 gxh5 25.
Be2 d6 26. Rxh5 dxe5 27. fxe5 Rad8 28. Bd3 h6 29. Bxh6 Kg8 30. Rg1 Rf7 31. Rhg5 Kf8 32. Bxg7+ Ke8 33. e6 Rf3 34. Bg6+ 1-0

[Event "Late-Titled-Tuesday-Blitz-February-13-2024"]
[Site "Chess.com"]
[Date "2024.02.13"]
[Round "4"]
[White "Zq1"]
[Black "johnmez"]
[Result "0-1"]
[WhiteElo "2493"]
[BlackElo "2299"]
[TimeControl "180+1"]
[EndTime "14:38:31 PST"]
[Termination "johnmez won by checkmate"]

1. d4 Nf6 2. c4 c5 3. Nf3 cxd4 4. Nxd4 Nc6 5. Nc3 g6 6. e4 d6 7. Be2 Bg7 8. Be3 O-O 9. O-O a6 10. Nb3 Qc7 11. Rc1 Be6 12. Nd5 Qd8 13. f3 Nd7 14. Qd2 Nde5 15. f4 Ng4 16. Bxg4 Bxg4 17. f5 e6 18. f6 Bh8 19. Nb6 Rb8 20. h3 Bh5 21. c5 Bxf6 22. Qxd6 Bxb2 23. Rc2 Be5 24. Qxd8 Rbxd8 25. g4 Rd3 26. Re2 f5 27. exf5 exf5 28. gxh5 f4 29.
Bf2 Rxh3 30. hxg6 f3 31. Rxe5 Nxe5 32. Bd4 Nd3 33. Nd7 Rf5 34. Nf6+ Kf8 35. Nxh7+ Ke8 36. g7 Rg3+ 37. Kh2 Rg2+ 38. Kh3 Rh5# 0-1

[Event "Late-Titled-Tuesday-Blitz-February-13-2024"]
[Site "Chess.com"]
[Date "2024.02.13"]
[Round "4"]
[White "expii"]
[Black "YellowJacek"]
[Result "0-1"]
[WhiteElo "2186"]
[BlackElo "2386"]
[TimeControl "180+1"]
[EndTime "14:38:31 PST"]
[Termination "YellowJacek won on time"]

1. e4 e5 2. Nf3 Nf6 3. Nxe5 d6 4.
Nf3 Nxe4 5. Nc3 Nxc3 6. dxc3 Be7 7. Bc4 O-O 8. O-O Bg4 9. h3 Bxf3 10. Qxf3 c6 11. Bd3 Nd7 12. Bf4 Ne5 13. Bxe5 dxe5 14. Rfe1 Bf6 15. Rad1 Qe7 16. Qe3 Rfe8 17. Be4 g6 18. b4 Bg5 19. Qe2 f5 20. Bd3 Bf6 21. Bc4+ Kg7 22. f3 a5 23. a3 axb4 24. axb4 c5 25. b5 e4 26. fxe4 Bxc3 27. Rf1 Qxe4 28.
Qxe4 Rxe4 29. Bd3 Re7 30. Rb1 b6 31. Kh1 Rae8 32. Bc4 Bd4 33. Rbd1 Re3 34. Bd5 R8e5 35. Bc6 Kf6 36. c4 g5 37. Bd5 f4 38. Rf3 Rxf3 39. Bxf3 Kg6 40. Bd5 h5 41. Rf1 Be3 42. h4 g4 43. Kh2 Kf5 44. Kh1 Re7 45. Kh2 Ra7 46. Kh1 Ra2 47. Bf7 g3 48. Bxh5 Bf2 49. Bf3 Rc2 50. Bd5 Kg4 51. Be6+ Kxh4 52. Rd1 Kg5 0-1

[Event "Late-Titled-Tuesday-Blitz-February-13-2024"]
[Site "Chess.com"]
[Date "2024.02.13"]
[Round "4"]
[White "Cosi43"]
[Black "Njal28"]
[Result "0-1"]
[WhiteElo "2614"]
[BlackElo "2993"]
[TimeControl "180+1"]
[EndTime "14:38:32 PST"]
[Termination "Njal28 won on time"]

1. d4 Nf6 2. Nf3 d5 3. e3 Bf5 4. c4 c6 5. Nc3 e6 6. Qb3 Qc7 7.
Bd2 Nbd7 8. Rc1 Qb8 9. Nh4 Bg4 10. h3 Bh5 11. g4 Bg6 12. Nxg6 hxg6 13. Bg2 Nb6 14.
cxd5 exd5 15. Ne2 Bd6 16. Qc2 Nc4 17. Bc3 Qc7 18. b3 Nb6 19. a4 a5 20. Bf3 Nbd7 21. Bb2 g5 22. Nc3 Qb6 23. Bg2 Nf8 24. e4 Ne6 25. e5 Nxd4 26. Qd1 Bxe5 27. O-O O-O 28.
Re1 Rfe8 29. Nxd5 cxd5 30. Rxe5 Nxb3 31. Rxe8+ Rxe8 32. Rb1 Qb4 33. Bxf6 gxf6 34. Qxb3 Re1+ 35. Rxe1 Qxb3 36. Re8+ Kg7 37. Rd8 Qd1+ 38. Kh2 d4 39. Rd7 Qd2 0-1

[Event "Late-Titled-Tuesday-Blitz-February-13-2024"]
[Site "Chess.com"]
[Date "2024.02.13"]
[Round "4"]
[White "PolandHussars"]
[Black "Sanan_Sjugirov"]
[Result "1-0"]
[WhiteElo "2629"]
[BlackElo "2961"]
[TimeControl "180+1"]
[EndTime "14:38:33 PST"]
[Termination "PolandHussars won on time"]

1. e4 c5 2. Ne2 d6 3. g3 Nc6 4. Bg2 g6 5. c3 Bg7 6. d4 cxd4 7. cxd4 Bg4 8. f3 Bd7 9. Nbc3 Nf6 10. O-O O-O 11. Be3 Rc8 12. Qd2 a6 13. Rac1 Qa5 14. g4 Rfd8 15. Ng3 b5 16. b3 b4 17. Nce2 Na7 18. a4 Rxc1 19. Rxc1 Rc8 20. d5 Rxc1+ 21. Nxc1 Nc8 22. Nd3 Qc7 23. Nxb4 Qb7 24. a5 Qb5 25. Bf1 Qxa5 26. Nxa6 Qa1 27. Kg2 h5 28. g5 Nh7 29.
h4 f6 30. Bd4 Qb1 31. b4 fxg5 32. Bxg7 Kxg7 33. hxg5 h4 34. Ne2 h3+ 35. Kf2 h2 36. Ng3 Kf7 37. Nb8 Ba4 38. Kg2 Nb6 39. Kxh2 1-0

[Event "Late-Titled-Tuesday-Blitz-February-13-2024"]
[Site "Chess.com"]
[Date "2024.02.13"]
[Round "4"]
[White "grzechu96"]
[Black "AryanTari"]
[Result "0-1"]
[WhiteElo "2763"]
[BlackElo "2936"]
[TimeControl "180+1"]
[EndTime "14:38:34 PST"]
[Termination "AryanTari won on time"]

1. e4 c6 2. d4 d5 3. e5 Bf5 4.
Nf3 e6 5. Be2 Ne7 6. O-O Ng6 7. a4 Nd7 8. a5 f6 9. Ne1 fxe5 10. g4 e4 11. gxf5 exf5 12. f3 Bd6 13. fxe4 fxe4 14. Ng2 Qc7 15. Bg4 Bxh2+ 16. Kh1 Nf6 17. Ra3 Bd6 18. Rh3 Qxa5 19. Bg5 Qd8 20. Nc3 Qe7 21. Ne3 O-O 22. Nf5 Qc7 23. Bh5 Bf4 24.
Bxf6 Rxf6 25. Ne3 Bxe3 26. Rxf6 gxf6 27. Rxe3 Qf4 28. Rh3 f5 29. Ne2 Qg5 30. Qg1 Qxg1+ 31. Kxg1 Kg7 32. Rg3 Kf6 33. Kf2 f4 34. Rh3 Kg5 35.
Rh1 Rf8 36. Bxg6 hxg6 37. Rh7 Kg4 38. Rg7 g5 39. Ng1 e3+ 40. Ke2 f3+ 41. Kxe3 f2 0-1

[Event "Late-Titled-Tuesday-Blitz-February-13-2024"]
[Site "Chess.com"]
[Date "2024.02.13"]
[Round "4"]
[White "temus_galaktionov"]
[Black "SCIM"]
[Result "1-0"]
[WhiteElo "2899"]
[BlackElo "2588"]
[TimeControl "180+1"]
[EndTime "14:38:35 PST"]
[Termination "temus_galaktionov won by resignation"]

1. d4 Nf6 2. Nf3 c5 3. d5 g6 4. c4 b5 5. cxb5 a6 6. bxa6 Bxa6 7. Nc3 Bg7 8. e4 Bxf1 9. Kxf1 d6 10. g3 O-O 11. Kg2 Na6 12. Qe2 Qb6 13. Bf4 Rfb8 14. Rab1 Nc7 15. a4 Qa6 16. Qe3 Ng4 17. Qd2 Rb4 18.
h3 Nf6 19. Rhe1 Qb7 20. g4 Rb8 21. Re2 h5 22. g5 Nd7 23. e5 Nb6 24. exd6 exd6 25. Bxd6 Nc4 26. Qf4 Nxd6 27. Qxd6 Bxc3 28. Re7 Ne8 29. Qxc5 Qc8 30. Rxe8+ Qxe8 31. Qxc3 Rb3 32. Qf6 Qe4 33. Rd1 Rxb2 34. d6 Qe2 35. Ne5 Rf8 36.
Rd4 Rb1 37. Nf3 Rb2 38. Ng1 Qe1 39. d7 Rb1 40. Nf3 Qh1+ 41. Kg3 Rb3 42. d8=Q Qg1+ 43.
Kf4 Rxf3+ 44. Kxf3 Qh1+ 45. Ke2 1-0

[Event "Late-Titled-Tuesday-Blitz-February-13-2024"]
[Site "Chess.com"]
[Date "2024.02.13"]
[Round "4"]
[White "BozeKat"]
[Black "Supelyel"]
[Result "1-0"]
[WhiteElo "2041"]
[BlackElo "2343"]
[TimeControl "180+1"]
[EndTime "14:38:35 PST"]
[Termination "BozeKat won by checkmate"]

1. c4 Nf6 2. g3 d6 3. Bg2 Nbd7 4.
Nc3 e5 5. e4 Be7 6. Nge2 O-O 7.
O-O c6 8. d3 a6 9. f4 b5 10. b3 Bb7 11. h3 Nb6 12. f5 b4 13.
Nb1 d5 14. Nd2 a5 15. Nf3 Nbd7 16. Bb2 Qb8 17. Qc2 h6 18. g4 Nc5 19. Ng3 Bd6 20.
Rae1 a4 21. d4 exd4 22. e5 axb3 23. axb3 d3 24. Qd2 Nxb3 25. Qxd3 Bc5+ 26. Kh2 dxc4 27. Qxc4 Ba6 28. Qxb3 Bxf1 29. Bxf1 Nd5 30. Bc4 Bf2 31.
Rd1 Rd8 32. Ne4 Bb6 33. Bxd5 cxd5 34. Rxd5 Rxd5 35. Qxd5 b3 36. Nd6 Ra7 37. e6 Bc7 38.
exf7+ Kf8 39. Be5 b2 40. Nd2 b1=Q 41. Nxb1 Qxb1 42. Bxg7+ Kxg7 43. f8=Q+ Kxf8 44. Qf7# 1-0

[Event "Late-Titled-Tuesday-Blitz-February-13-2024"]
[Site "Chess.com"]
[Date "2024.02.13"]
[Round "4"]
[White "BardArtem"]
[Black "lupta_robin"]
[Result "1-0"]
[WhiteElo "2777"]
[BlackElo "2553"]
[TimeControl "180+1"]
[EndTime "14:38:36 PST"]
[Termination "BardArtem won on time"]

1. e4 b6 2. d4 Bb7 3. Nc3 e6 4.
Bd3 g6 5. h4 Bg7 6. Bg5 Ne7 7. e5 h6 8. Bxe7 Qxe7 9. Be4 Bxe4 10. Nxe4 Qb4+ 11. c3 Qxb2 12. Nf3 Nc6 13. O-O O-O 14.
a4 Na5 15. h5 Qb3 16. Qd3 Qc4 17. Qe3 Qd5 18. Nfd2 Nc4 19. Nxc4 Qxc4 20. a5 b5 21. a6 Rab8 22. Rfb1 b4 23. Ra4 Rb5 24. cxb4 Rfb8 25.
Rc1 Qd5 26. Nc3 Qb3 27. Nxb5 Qxa4 28. Nxc7 Qxb4 29. hxg6 fxg6 30. Qd3 Kh7 31. d5 Qf4 32. Re1 Rb2 33. Qe3 Bxe5 34. Qxf4 Bxf4 35. Ne8 1-0

[Event "Late-Titled-Tuesday-Blitz-February-13-2024"]
[Site "Chess.com"]
[Date "2024.02.13"]
[Round "4"]
[White "emeli_chess"]
[Black "tgpgoat"]
[Result "1/2-1/2"]
[WhiteElo "2378"]
[BlackElo "2536"]
[TimeControl "180+1"]
[EndTime "14:38:36 PST"]
[Termination "Game drawn by repetition"]

1. d4 Nf6 2. c4 c5 3. d5 b5 4. cxb5 a6 5. b6 a5 6. Nc3 Ba6 7. a4 Qxb6 8. Nf3 d6 9. e4 Bxf1 10. Kxf1 g6 11. Nd2 Bg7 12. Nc4 Qa6 13. Nb5 O-O 14.
Qe2 Qb7 15. Ra3 Nfd7 16. Rh3 Nb6 17. b3 Nxc4 18. bxc4 Na6 19. Bh6 f5 20. Bxg7 Kxg7 21. e5 Qd7 22. e6 Qb7 23. g4 Nc7 24. Rg1 Nxb5 25. axb5 f4 26. g5 a4 27. Qg4 Rf5 28.
Rxh7+ Kxh7 29. Qh4+ Kg8 30. Qh6 Rxd5 31. Qxg6+ Kh8 32.
Qh5+ Kg7 33. Qf7+ Kh8 34. cxd5 Qxd5 35. Qh5+ Kg8 36. Qf7+ Kh8 37. Qh5+ Kg8 38. Qf7+ Kh8 1/2-1/2

[Event "Late-Titled-Tuesday-Blitz-February-13-2024"]
[Site "Chess.com"]
[Date "2024.02.13"]
[Round "4"]
[White "andrzej"]
[Black "Ducke13"]
[Result "1-0"]
[WhiteElo "2522"]
[BlackElo "2341"]
[TimeControl "180+1"]
[EndTime "14:38:38 PST"]
[Termination "andrzej won by resignation"]

1. e4 c5 2. Nf3 d6 3. d4 cxd4 4. Nxd4 Nf6 5. Nc3 a6 6. Be3 e5 7. Nb3 Be7 8. h3 Be6 9. Qf3 O-O 10. O-O-O a5 11. Nc5 Qc8 12. Nxe6 fxe6 13. Qe2 Nc6 14. Qc4 Kh8 15. Kb1 d5 16. exd5 exd5 17. Nxd5 Nxd5 18. Rxd5 e4 19. Qxe4 Nb4 20. Rd2 Bf6 21. a3 Re8 22.
Qg4 Nc6 23. Qh5 Ne5 24. Bd4 Qc7 25. Bc3 Rad8 26. Rxd8 Rxd8 27. Be2 b5 28. Rd1 b4 29.
Rxd8+ Qxd8 30. Bxe5 Bxe5 31. Qxe5 bxa3 32. bxa3 a4 33.
Bd3 Qc8 34. Qf5 Qb8+ 35. Kc1 Qg8 36. Qxh7+ Qxh7 37. Bxh7 Kxh7 38. c4 g5 39. c5 Kg6 40.
c6 g4 41. hxg4 Kg5 42. c7 Kh4 43. c8=Q Kg5 44. Qf5+ Kh6 45. g5+ Kg7 46. Qf6+ Kg8 47. Qg6+ Kh8 48. Qh5+ Kg8 49. g6 Kg7 50. Qh7+ Kf6 51.
g7 Ke5 52. g8=Q 1-0

[Event "Late-Titled-Tuesday-Blitz-February-13-2024"]
[Site "Chess.com"]
[Date "2024.02.13"]
[Round "4"]
[White "ural58"]
[Black "IraZyne"]
[Result "1/2-1/2"]
[WhiteElo "2514"]
[BlackElo "2343"]
[TimeControl "180+1"]
[EndTime "14:38:38 PST"]
[Termination "Game drawn by repetition"]

1. e4 Nf6 2. e5 Nd5 3. d4 d6 4.
c4 Nb6 5. f4 g6 6. Nc3 Bg7 7.
Be3 Be6 8. d5 Bc8 9. Nf3 Bg4 10.
c5 N6d7 11. cxd6 exd6 12. Bd4 O-O 13. Be2 Bxf3 14. Bxf3 dxe5 15. fxe5 Nxe5 16. O-O Nbd7 17. Be2 Qh4 18. Bf2 Qe7 19. Qb3 b6 20. Rae1 Kh8 21.
Bb5 Nc5 22. Qa3 a6 23. Bc6 Rad8 24. Bxc5 Qxc5+ 25. Qxc5 bxc5 26. Na4 c4 27. b3 cxb3 28. axb3 Rb8 29. Rb1 Nd3 30. h3 Nc5 31. Nxc5 Bd4+ 32. Kh1 Bxc5 33. Rf3 Kg7 34. g4 f5 35. gxf5 Rxf5 36. Rxf5 gxf5 37. Kg2 Kf6 38. Kf3 Bd6 39. Ba4 Rb4 40. Rg1 Rf4+ 41. Ke2 Rh4 42. Rg8 Rxh3 43. Ra8 Rh2+ 44. Kf1 Rd2 45. Rxa6 Rxd5 46. Ra8 h5 47.
Rh8 f4 48. Bc6 Rg5 49. Bf3 Ke5 50. Rxh5 Rxh5 51. Bxh5 Kd4 52. Bf7 Ke3 53. Bc4 f3 54.
Bg8 f2 55. Bc4 c5 56. Bg8 Be5 57. Bc4 Bd4 58. Bg8 Kd3 59. Bc4+ Kc3 60. Bg8 Kd3 61. Bc4+ Kc3 62. Bd5 Kd3 63. Bc4+ 1/2-1/2

[Event "Late-Titled-Tuesday-Blitz-February-13-2024"]
[Site "Chess.com"]
[Date "2024.02.13"]
[Round "4"]
[White "Elsa167"]
[Black "dennisodessa"]
[Result "1-0"]
[WhiteElo "2883"]
[BlackElo "2582"]
[TimeControl "180+1"]
[EndTime "14:38:39 PST"]
[Termination "Elsa167 won on time"]

1. e4 e6 2. d3 c5 3. Nd2 Nc6 4. Ngf3 d6 5. g3 g6 6. Bg2 Bg7 7. h4 Nge7 8. h5 Rb8 9. h6 Bf6 10. Nc4 O-O 11. c3 d5 12. exd5 exd5 13. Ne3 d4 14. cxd4 Nxd4 15. O-O Nef5 16. Ng4 Bh8 17. Bf4 Ra8 18. Ng5 Qb6 19. Ne4 Ne7 20. Bd6 Bxg4 21. Qxg4 f5 22. Qg5 fxe4 23. Bxe7 Rf5 24.
Qg4 Nf3+ 25. Bxf3 exf3 26. Rfe1 Qc6 27. Re4 Bd4 28. Rae1 Re8 29. Re6 Qd7 30. Rxg6+ hxg6 31. Qxg6+ Kh8 32. Bf6+ Rxf6 33. Rxe8+ Qxe8 34. Qxe8+ Kh7 35. b4 Kxh6 36. bxc5 Bxc5 37. Qe5 1-0

[Event "Late-Titled-Tuesday-Blitz-February-13-2024"]
[Site "Chess.com"]
[Date "2024.02.13"]
[Round "4"]
[White "tptagain"]
[Black "ViIIagra"]
[Result "1-0"]
[WhiteElo "2870"]
[BlackElo "2960"]
[TimeControl "180+1"]
[EndTime "14:38:40 PST"]
[Termination "tptagain won by resignation"]

1. Nf3 d6 2. d4 Nf6 3. g3 c5 4. c4 cxd4 5. Nxd4 Nc6 6. Bg2 Bd7 7. Nc3 g6 8. O-O Bg7 9. Nxc6 Bxc6 10. e4 O-O 11. Qe2 a6 12. Rd1 Nd7 13. Nd5 b5 14. Bg5 Re8 15. Rac1 h6 16. Be3 bxc4 17. Qxc4 Bxd5 18.
Qxd5 Bxb2 19. Rb1 Bg7 20. e5 Nxe5 21. Qxa8 Qxa8 22. Bxa8 Rxa8 23. Rb7 Kf8 24. Rc1 g5 25.
Rcc7 Bf6 26. h3 a5 27. Kg2 h5 28. a4 g4 29. hxg4 hxg4 30. Bd4 Kg7 31. Bxe5 dxe5 32. Ra7 Rd8 33. Rc4 Kg6 34. Rxg4+ Kf5 35. Rc4 e4 36. Rxa5+ Be5 37. Rc2 f6 38. Ra2 Rd3 39. Ra8 e3 40.
fxe3 Rxe3 41. Rg8 Bd4 42. a5 Rc3 43. a6 Rc7 44. Rb8 Rc3 45. a7 1-0

[Event "Late-Titled-Tuesday-Blitz-February-13-2024"]
[Site "Chess.com"]
[Date "2024.02.13"]
[Round "4"]
[White "scandalgod"]
[Black "AndresDelgado77"]
[Result "1-0"]
[WhiteElo "2521"]
[BlackElo "2333"]
[TimeControl "180+1"]
[EndTime "14:38:42 PST"]
[Termination "scandalgod won on time"]

1. d4 Nf6 2. c4 d6 3. Nc3 e5 4. Nf3 e4 5. Nd2 Qe7 6. e3 Bf5 7. Be2 h5 8. O-O g6 9. f3 Bh6 10.
Ndxe4 Bxe4 11. fxe4 Nc6 12. Bd3 O-O-O 13. a3 Ng4 14. Qf3 f5 15. Nd5 Qh4 16. Qh3 Qxh3 17. gxh3 fxe4 18. Bc2 Nxe3 19. Bxe3 Bxe3+ 20. Nxe3 Nxd4 21.
Rad1 Nf3+ 22. Kh1 Rde8 23. Bxe4 Rxe4 24. Rxf3 Rhe8 25. Rd3 g5 26. Kg2 a5 27. Kf2 a4 28.
Rf7 Rf4+ 29. Rxf4 gxf4 30. Nd5 Re4 31. Rc3 Rd4 32. Kf3 Rd2 33. Nxf4 Rxh2 34. b3 axb3 35. Rxb3 b6 36. Kg3 Rc2 37. Nxh5 Rxc4 38. h4 Kd7 39.
Nf4 Ke7 40. Kg4 Kf6 41. Rf3 Kg7 42. Kg5 Rc5+ 43. Kg4 Kh6 44. Re3 1-0

[Event "Late-Titled-Tuesday-Blitz-February-13-2024"]
[Site "Chess.com"]
[Date "2024.02.13"]
[Round "4"]
[White "MolecularChemist"]
[Black "LyonBeast"]
[Result "0-1"]
[WhiteElo "2909"]
[BlackElo "3177"]
[TimeControl "180+1"]
[EndTime "14:38:44 PST"]
[Termination "LyonBeast won on time"]

1. d4 Nf6 2. Nf3 g6 3. b3 Bg7 4. Bb2 O-O 5. g3 b6 6. Bg2 Bb7 7. O-O e6 8. c4 d6 9. Nc3 Nbd7 10. Rc1 a5 11. Qc2 Re8 12. Rfd1 Bh6 13. e3 Qe7 14.
Qe2 Rac8 15. h4 Red8 16. a3 c5 17. Rb1 Ne4 18. d5 Nxc3 19. Bxc3 exd5 20. Ng5 f6 21.
Nh3 b5 22. Bxa5 Re8 23. Bxd5+ Bxd5 24. Rxd5 Ra8 25. b4 Qe6 26. Kh2 bxc4 27. Rbd1 Ne5 28. Rxd6 Qf7 29. Nf4 Bf8 30. R6d5 c3 31. Qc2 Rec8 32.
Kg1 cxb4 33. Bxb4 Bxb4 34. axb4 Qb7 35. Rc5 Nf3+ 36. Kf1 Nd2+ 37. Kg1 Qxb4 38. Rxc8+ Rxc8 39. Nd5 Qb7 40. Nxf6+ Kg7 41. Ng4 Nf3+ 42. Kf1 h5 43. Rd6 Qb5+ 44. Kg2 Ne1+ 45. Kh2 Nxc2 46. Rd7+ Qxd7 0-1

[Event "Late-Titled-Tuesday-Blitz-February-13-2024"]
[Site "Chess.com"]
[Date "2024.02.13"]
[Round "4"]
[White "tarno17"]
[Black "Burgsvik"]
[Result "0-1"]
[WhiteElo "2114"]
[BlackElo "2311"]
[TimeControl "180+1"]
[EndTime "14:38:45 PST"]
[Termination "Burgsvik won on time"]

1. e4 c5 2. Nf3 Nc6 3. Bb5 g6 4. O-O Bg7 5. c3 Nf6 6. e5 Ng4 7. d4 cxd4 8. cxd4 a6 9. Bc4 O-O 10. h3 Nh6 11. d5 Na5 12. Bd3 d6 13. b4 dxe5 14. bxa5 e4 15. Bxe4 f5 16. Bc2 Nf7 17.
Nd4 Qxa5 18. Be3 Qxd5 19. Nc3 Qd6 20. Nce2 e5 21. Nb3 Qc7 22. Rc1 Bd7 23. Bxf5 Bc6 24. Be4 Rad8 25. Qc2 Nd6 26. Bxc6 bxc6 27. Qxc6 Qb8 28.
Bc5 Rf6 29. Bxd6 Rfxd6 30. Qc7 Qb4 31. Ng3 h5 32. Rc6 R6d7 33. Qb6 Qxb6 34. Rxb6 h4 35. Ne4 Rf7 36. Nbc5 Rf4 37. Rxa6 Rd4 38. Rxg6 Rdxe4 39. Nxe4 Rxe4 40. a3 Kh7 41. Rg4 Re2 42. Ra1 e4 43.
Rxh4+ Kg6 44. Rb1 Bf6 45. Rg4+ Kf5 46. Rf1 Bd4 47. Rg3 Kf4 48. h4 e3 49. Rf3+ Kg4 50. fxe3 Bxe3+ 51. Kh1 Bc5 52. Rh3 Ra2 53. h5 Bxa3 54.
h6 Bb2 55. h7 Ra8 56. Rb1 Be5 57.
Rb4+ Kf5 58. Rf3+ Ke6 59. Re4 Ra1+ 0-1

[Event "Late-Titled-Tuesday-Blitz-February-13-2024"]
[Site "Chess.com"]
[Date "2024.02.13"]
[Round "4"]
[White "mishanick"]
[Black "RandomNoob04"]
[Result "0-1"]
[WhiteElo "2960"]
[BlackElo "2615"]
[TimeControl "180+1"]
[EndTime "14:38:46 PST"]
[Termination "RandomNoob04 won by checkmate"]

1. d4 Nf6 2. c4 c5 3. d5 b5 4.
cxb5 a6 5. e3 axb5 6. Bxb5 Qa5+ 7.
Nc3 Bb7 8. Bd2 Qb6 9. Nf3 Nxd5 10. a4 e6 11. Nxd5 Bxd5 12. Bc3 Be7 13. O-O O-O 14. Ne5 Qc7 15. Qg4 Bf6 16. f4 d6 17. Nd3 Bxc3 18. bxc3 f5 19. Qd1 Nd7 20. Nf2 Nf6 21. Qd3 Qb7 22. Bc4 Bxg2 23. Rfb1 Qf3 24. Bxe6+ Kh8 25.
Bxf5 Rae8 26. e4 Qxd3 27. Nxd3 Bxe4 28. Bxe4 Nxe4 29. a5 c4 30. Nf2 Nxc3 31. Rb7 Rxf4 32. a6 Rff8 33. a7 Ne2+ 34. Kg2 c3 35. Nd3 c2 36.
Rc7 Nd4 37. Rc4 Re2+ 38. Kh1 Nf3 39. Rh4 Nxh4 40. a8=Q c1=Q+ 41. Nxc1 Re1# 0-1

[Event "Late-Titled-Tuesday-Blitz-February-13-2024"]
[Site "Chess.com"]
[Date "2024.02.13"]
[Round "4"]
[White "cthulhuuu"]
[Black "JoakimVonAnd"]
[Result "0-1"]
[WhiteElo "2460"]
[BlackElo "2691"]
[TimeControl "180+1"]
[EndTime "14:38:46 PST"]
[Termination "JoakimVonAnd won on time"]

1. e4 c6 2. d3 d5 3. Nd2 e5 4.
Ngf3 Bd6 5. d4 exd4 6. exd5 cxd5 7. Nxd4 Nf6 8. Bb5+ Bd7 9. Qe2+ Qe7 10. Bxd7+ Nbxd7 11.
Nf5 Qxe2+ 12. Kxe2 Bf8 13. Re1 O-O-O 14. Kf1 g6 15. Nd4 Bc5 16. N2b3 Bb6 17. Re7 Ng4 18. h3 Nge5 19. Bf4 Rhe8 20. Rxe8 Rxe8 21. Nb5 Re6 22.
N3d4 Re7 23. Rd1 a6 24. Nc3 Nf6 25. Bg5 Ned7 26. Nf3 Re6 27. Nxd5 Nxd5 28. Rxd5 f6 29. Bd2 Rc6 30. Bc3 Nc5 31. Nd4 Rc7 32. Bb4 Ne4 33. Ne6 Rxc2 34. f3 Ng3+ 35. Ke1 Re2+ 36. Kd1 Rxe6 37. Bd6 Nf5 38. Bf4 Bc7 39. Bd2 Rd6 40.
Rc5 Kd7 41. g4 Bb6 0-1

[Event "Late-Titled-Tuesday-Blitz-February-13-2024"]
[Site "Chess.com"]
[Date "2024.02.13"]
[Round "4"]
[White "GMRAVEN_ON_YOUTUBE"]
[Black "annasargsyan_m"]
[Result "0-1"]
[WhiteElo "2775"]
[BlackElo "2577"]
[TimeControl "180+1"]
[EndTime "14:38:47 PST"]
[Termination "annasargsyan_m won by resignation"]

1. f4 e5 2. fxe5 d6 3. exd6 Bxd6 4. Nf3 g5 5. g3 g4 6. Nh4 Ne7 7. d4 Ng6 8. Nxg6 hxg6 9. Qd3 Nc6 10. c3 Qe7 11. Bg2 Bd7 12. Nd2 O-O-O 13. Nc4 f5 14. Nxd6+ cxd6 15. Qe3 Qf7 16. d5 Nb8 17. Qxa7 Rde8 18.
Bf4 Bb5 19. O-O-O Qc7 20. Rd2 Bxe2 21. Qa3 Kd7 22. Qa4+ b5 23. Qd4 Rh7 24. Re1 Rhe7 25. Bg5 Re5 26. Bf6 Re3 27. Bg5 R3e5 28. Qb4 Qb6 29.
Bf4 R5e7 30. a4 Na6 31. Qd4 Nc5 32. Kb1 bxa4 33. Rc1 Qb5 34. c4 Qb7 35. Qf6 Bd3+ 36. Rxd3 Nxd3 37. Qxd6+ Kc8 38. Qa3 Re2 39. b4 Nxc1 40. Bf1 Ra2 41. Qc3 Rf2 42. Qxc1 Qxb4+ 43. Ka1 Re1 0-1

[Event "Late-Titled-Tuesday-Blitz-February-13-2024"]
[Site "Chess.com"]
[Date "2024.02.13"]
[Round "4"]
[White "dawid498"]
[Black "ChadBiryani"]
[Result "1-0"]
[WhiteElo "2695"]
[BlackElo "2464"]
[TimeControl "180+1"]
[EndTime "14:38:47 PST"]
[Termination "dawid498 won on time"]

1. e4 c5 2. Nc3 Nc6 3. Bb5 Nd4 4. Bc4 e6 5. Nge2 g6 6. O-O a6 7. a4 Bg7 8. Nxd4 cxd4 9. Ne2 d5 10. exd5 exd5 11. Bd3 Ne7 12. c3 dxc3 13. bxc3 O-O 14. Ba3 Re8 15. Re1 Nc6 16. Ng3 d4 17. Rxe8+ Qxe8 18. Qb3 dxc3 19. dxc3 Qe5 20. Bb2 Na5 21. Qc2 Be6 22. Rb1 Nc4 23. Bxc4 Bxc4 24. Qd2 Re8 25. h3 b5 26. axb5 axb5 27. Nf1 h5 28. Ne3 Bh6 29. Re1 Qe7 30. Qd4 Bg7 31. Qd1 Rd8 32. Qc1 Bb3 33.
Nf5 Qf6 34. Nxg7 Qxg7 35. c4 Qf8 36. cxb5 Qb4 37. Qe3 Qxe1+ 38. Qxe1 Rd1 39. Qxd1 Bxd1 40. b6 Bf3 41. gxf3 1-0